 Dungeon Crawl Stone Soup version 0.23.2-1-ga50397a (webtiles) character file.

Game seed: 14602440638818023645

448 IBeShadow the Sneak (level 7, -13/67 HPs)
             Began as a Naga Fighter on May 8, 2019.
             Mangled by an ogre
             ... wielding a +0 giant club
              (22 damage)
             ... on level 4 of the Dungeon.
             The game lasted 00:10:05 (3507 turns).

IBeShadow the Sneak (Naga Fighter)                  Turns: 3507, Time: 00:10:05

Health: -13/67     AC:  7    Str: 21    XL:     7   Next: 4%
Magic:  7/7        EV:  5    Int:  8    God:
Gold:   108        SH:  8    Dex: 10    Spells: 6/6 levels left

rFire    . . .     SeeInvis +   a - +0 trident
rCold    . . .     Gourm    .   c - +0 shield
rNeg     . . .     Faith    .   b - +0 scale mail
rPois    +         Spirit   .   i - +0 helmet
rElec    .         Reflect  .   (no cloak)
rCorr    .         Harm     .   (no gloves)
MR       .....                  (no barding)
Stlth    ++........             (no amulet)
HPRegen  0.21/turn              (no ring)
MPRegen  0.10/turn              (no ring)

@: short of breath, very slow
A: large, see invisible, deformed body, poison resistance, slowness 2, slow
metabolism 1, spit poison 1, AC +2
a: Spit Poison


You were on level 4 of the Dungeon.
You were very hungry.

You visited 1 branch of the dungeon, and saw 4 of its levels.

You collected 108 gold pieces.

Inventory:

Hand Weapons
 a - a +0 trident (weapon)
 t - a +0 halberd
Armour
 b - a +0 scale mail (worn)
 c - a +0 shield (worn)
 i - a +0 helmet (worn)
Wands
 v - a wand of enslavement (3)
Scrolls
 e - 3 scrolls of remove curse
 n - a scroll of enchant weapon {unknown}
 o - a scroll of fog {unknown}
 p - a scroll of random uselessness {unknown}
 q - a scroll of immolation {unknown}
 u - a scroll of identify {unknown}
Potions
 d - a potion of might
 g - a potion of invisibility
 h - a potion of curing {unknown}
 j - a potion of brilliance {unknown}
 l - a potion of flight
 m - 2 potions of agility {unknown}
 s - 3 potions of haste {unknown}
Comestibles
 f - 8 rations


   Skills:
 + Level 5.0 Fighting
 + Level 4.4 Polearms
 - Level 2.5 Armour
 + Level 6.0 Stealth
 - Level 2.5 Shields


You had 6 spell levels left.
You didn't know any spells.
Your spell library was empty.

Dungeon Overview and Level Annotations

Branches:
Dungeon (4/15)
 Temple: D:4-7

Altars:
Dithmenos
Hepliaklqana

Annotations:
D:3 1 runed translucent door, faustus's ghost, amateur DsGl


Innate Abilities, Weirdness & Mutations

You cannot wear boots.
Your serpentine skin is tough. (AC +2)
You have supernaturally acute eyesight. (SInv)
Armour fits poorly on your strangely shaped body.
Your system is resistant to poisons. (rPois)
You cover ground very slowly.
You have a slow metabolism.
You can spit poison.


Message History

Press: ? - help, v - describe, . - travel
Here: an ogre, wielding a +0 giant club (heavily wounded, poisoned)
The floor, spattered with blood.
Aiming: Enslavement
Press: ? - help, Shift-Dir - straight line, f/p - ogre
Aim: an ogre, wielding a +0 giant club (heavily wounded, poisoned, chance to defeat MR: 46%)
The ogre is charmed.
You swap places.
You have got your breath back.
You swap places.
Your ogre looks more healthy.
Press: ? - help, Shift-Dir - straight line, f/p - ogre
Aim: an ogre, wielding a +0 giant club (severely wounded, in your thrall, friendly) Really fire at your ogre?
The splash of poison hits your ogre.
Your ogre is poisoned.
Your ogre is severely wounded.
The ogre is no longer charmed.
You feel slightly more hungry.
The ogre hits you with a +0 giant club!!
You die...

## # #.######
#......# ######.#
#.# #.# #.#
#.#######<##
###..O@.......
.......######...#
..###.## .#.# .. #.#
#.#.#
#.####.#######.#.#
##..(...)......#.##
#........####.....##
### #.#####.#.#
#.##.#.## ....
###########.#.#
#.#.###.##..#.#


You could see an ogre.

Vanquished Creatures
  An ogre (D:4)
  A hound (D:3)
  An orc priest (D:3)
  An orc wizard (D:3)
  Terence (D:3)
  Natasha (thrice) (D:2)
  4 adders
  6 gnolls
  A worm (D:3)
  3 dart slugs
  3 leopard geckos
  4 orcs (D:3)
  3 ball pythons
  8 bats
  5 giant cockroaches
  5 goblins
  6 hobgoblins
  4 jackals
  3 quokkas
  5 frilled lizards
  2 kobolds (D:3)
  5 rats
75 creatures vanquished.

Vanquished Creatures (others)
  2 withered plants (D:3)
2 creatures vanquished.

Grand Total: 77 creatures vanquished

Notes
Turn   | Place    | Note
-------+----------+-------------------------------------------
     0 | D:1      | IBeShadow the Naga Fighter began the quest for the Orb.
     0 | D:1      | Reached XP level 1. HP: 21/21 MP: 1/1
   129 | D:1      | Reached XP level 2. HP: 28/28 MP: 2/2
   226 | D:1      | Reached skill level 1 in Stealth
   890 | D:2      | Reached skill level 2 in Stealth
   890 | D:2      | Reached XP level 3. HP: 28/34 MP: 3/3
  1081 | D:2      | Noticed Natasha
  1094 | D:2      | Killed Natasha
  1094 | D:2      | Reached XP level 4. HP: 20/44 MP: 4/4
  1120 | D:2      | Reached skill level 3 in Stealth
  1286 | D:2      | Found a hazy altar of Hepliaklqana.
  1298 | D:2      | Noticed Natasha
  1306 | D:2      | Killed Natasha
  1831 | D:2      | Noticed Natasha
  1850 | D:2      | Killed Natasha
  1850 | D:2      | Reached XP level 5. HP: 31/50 MP: 5/5
  2003 | D:3      | Reached skill level 4 in Stealth
  2559 | D:3      | Noticed Terence
  2560 | D:3      | Found a shadowy altar of Dithmenos.
  2565 | D:3      | Killed Terence
  2565 | D:3      | Reached XP level 6. HP: 56/58 MP: 6/6
  2613 | D:3      | Reached skill level 5 in Stealth
  2960 | D:3      | Found a runed translucent door.
  2960 | D:3      | Noticed faustus's ghost (amateur DsGl)
  3330 | D:4      | Reached skill level 5 in Fighting
  3447 | D:4      | Reached XP level 7. HP: 63/67 MP: 7/7
  3461 | D:4      | Reached skill level 6 in Stealth
  3507 | D:4      | Mangled by an ogre

Skill      XL: |  1  2  3  4  5  6  7 |
---------------+----------------------+-----
Stealth        | 2 3 4 5 6 |  6.0
Polearms       | 3 4 |  4.4
Fighting       | 4 5 |  5.0
Armour         | |  2.5
Shields        | |  2.5

Action                   |  1- 3 |  4- 6 |  7- 9 || total
-------------------------+-------+-------+-------++-------
Melee: Trident           |   100 |   218 |    11 ||   329
 Abil: Spit Poison       |     7 |    11 |     4 ||    22
Evoke: Wand              |       |       |     1 ||     1
  Use: Scroll            |     3 |     1 |     1 ||     5
       Potion            |     1 |       |       ||     1
 Stab: Sleeping          |       |     4 |       ||     4
  Eat: Chunk             |     1 |     6 |       ||     7
Armor: Scale mail        |    41 |    77 |     1 ||   119
Dodge: Dodged            |    22 |    36 |     4 ||    62
Block: Shield            |    45 |    97 |     9 ||   151
